Chicago Black Hawks vs Arizona Coyotes
Created - Wednesday, May 31, 2023 at 09:33
Goals
|
| Chicago Black Hawks |
2 |
3 |
2 |
7 |
| Arizona Coyotes |
0 |
2 |
1 |
3 |
|
Shots
|
| Chicago Black Hawks |
16 |
12 |
16 |
44 |
| Arizona Coyotes |
9 |
19 |
7 |
35 |
|
1st period
1. Chicago Black Hawks , Travis Konecny 22 (Chris Kreider 21, Seth Jones 22) at 6:25
2. Chicago Black Hawks , Matt Duchene 30 (Steven Stamkos 49, Vladimir Tarasenko 24) at 19:48 (PP)
Penalties :
Brayden McNabb (AZC) for Goalie Interference (Minor) at 13:25, Erik Haula (AZC) for High sticking (Minor) at 18:31
2nd period
3. Arizona Coyotes , Mathew Dumba 5 (Mats Zuccarello 49, Ilya Mikheyev 12) at 0:16 (PP)
4. Arizona Coyotes , Ilya Mikheyev 6 (James van Riemsdyk 11, Erik Haula 14) at 5:45
5. Chicago Black Hawks , Bo Horvat 18 (Chris Kreider 22, Travis Konecny 23) at 14:26
6. Chicago Black Hawks , Travis Konecny 23 (Bo Horvat 30, Chris Kreider 23) at 16:57
7. Chicago Black Hawks , Bryan Rust 16 (Lawson Crouse 8, Brent Burns 32) at 18:51
Penalties :
Matthew Tkachuk (CHI) for Diving (Minor) at 0:03, Radko Gudas (AZC) for Tripping (Minor) at 6:21, Dmitry Orlov (AZC) for Holding (Minor) at 10:28
3rd period
8. Chicago Black Hawks , Chris Kreider 22 (Devon Toews 22) at 4:10 (SH)
9. Chicago Black Hawks , Bryan Rust 17 (Pius Suter 6, Rasmus Andersson 11) at 8:16
10. Arizona Coyotes , Erik Haula 9 (James van Riemsdyk 12, Ilya Mikheyev 13) at 15:21
Penalties :
Rocco Grimaldi (AZC) for Cross-checking (Minor) at 1:20, Mikhail Sergachev (CHI) for Hooking (Minor) at 3:04, Brayden McNabb (AZC) for Hooking (Minor) at 5:57
Goalie Stats
Jordan Binnington (CHI), 32 saves from 35 shots - (0.914), W, 9-5-1, 60:00 minutes
Kaapo Kahkonen (AZC), 37 saves from 44 shots - (0.841), L, 23-13-5, 60:00 minutes
Players Stats for Chicago Black Hawks
Player Name G A P +/- PIM S H SB GA TA FO MP PP MP PK MP
------------------------------------------------------------------------------------
Bo Horvat 1 1 2 3 0 3 1 0 2 0 3/7 17:47 5:03 0:00
Brent Burns 0 1 1 2 0 1 0 0 0 2 0/0 24:50 5:30 0:33
Bryan Rust 2 0 2 2 0 2 0 0 0 0 0/0 7:16 0:00 0:00
Chris Kreider 1 3 4 4 0 1 2 0 0 0 0/2 17:56 5:03 0:09
Devon Toews 0 1 1 3 0 0 0 1 0 2 0/0 23:52 5:27 1:39
Lawson Crouse 0 1 1 2 0 2 0 0 2 0 0/0 9:56 0:00 1:46
Matt Duchene 1 0 1 -1 0 5 1 0 0 1 0/1 20:17 5:54 0:00
Matthew Tkachuk 0 0 0 -1 2 3 1 0 2 0 0/1 19:35 5:03 0:00
Mikhail Sergachev 0 0 0 1 2 1 3 0 0 0 0/0 23:10 5:26 0:00
Nicolas Hague 0 0 0 0 0 1 1 2 0 1 0/0 12:00 0:09 0:18
Nikolaj Ehlers 0 0 0 -1 0 8 0 0 0 0 0/0 11:51 0:00 0:02
Phillip Danault 0 0 0 0 0 1 2 1 0 1 4/7 12:00 0:00 0:11
Pius Suter 0 1 1 2 0 2 0 1 1 2 1/6 9:56 0:00 1:46
Rasmus Andersson 0 1 1 0 0 1 1 2 0 3 0/0 12:51 0:00 0:00
Seth Jones 0 1 1 2 0 1 0 3 0 1 0/0 24:10 5:21 1:24
Steven Stamkos 0 1 1 -1 0 4 2 0 0 0 22/41 20:17 5:54 0:00
Travis Konecny 2 1 3 3 0 4 1 0 0 1 0/0 12:34 0:00 0:00
Vladimir Tarasenko 0 1 1 -1 0 4 3 0 1 1 0/1 17:28 5:54 0:00
Players Stats for Arizona Coyotes
Player Name G A P +/- PIM S H SB GA TA FO MP PP MP PK MP
------------------------------------------------------------------------------------
Brandon Tanev 0 0 0 -1 0 0 0 1 1 0 0/0 8:19 0:00 0:44
Brayden McNabb 0 0 0 -2 4 2 0 0 0 1 0/0 20:18 0:51 1:23
Claude Giroux 0 0 0 -1 0 5 1 0 1 1 6/8 20:26 1:20 5:17
David Krejci 0 0 0 0 0 4 1 2 1 0 13/21 16:59 0:37 4:56
Dmitry Orlov 0 0 0 -1 2 0 0 2 0 0 0/0 17:09 0:51 0:47
Erik Haula 1 1 2 0 2 2 0 1 2 1 6/8 11:28 0:00 0:00
Ilya Mikheyev 1 2 3 0 0 2 1 0 2 1 2/5 17:15 0:29 4:56
James van Riemsdyk 0 2 2 0 0 1 0 1 0 0 0/0 11:29 0:00 0:00
Jani Hakanpaa 0 0 0 0 0 0 2 1 0 1 0/0 18:29 0:00 6:18
Jared Spurgeon 0 0 0 -3 0 1 2 4 1 2 0/0 26:49 1:06 5:40
Mathew Dumba 1 0 1 -3 0 4 0 1 0 0 0/0 17:43 0:13 3:33
Mats Zuccarello 0 1 1 -1 0 4 2 0 2 0 0/2 20:41 1:20 5:17
Ondrej Palat 0 0 0 -2 0 3 1 0 1 0 0/1 14:37 0:37 0:00
Radko Gudas 0 0 0 0 2 1 3 0 0 0 0/0 21:19 0:53 4:13
Reilly Walsh 0 0 0 0 0 1 0 0 0 0 0/0 7:55 0:00 0:00
Rocco Grimaldi 0 0 0 -3 2 1 1 0 0 1 1/1 14:50 0:51 0:00
Ross Colton 0 0 0 0 0 1 0 0 2 0 1/2 7:15 0:00 0:00
Tyler Seguin 0 0 0 -3 0 3 0 0 2 0 7/18 15:41 0:37 0:44
3 Stars
1 - Chris Kreider (CHI)
2 - Travis Konecny (CHI)
3 - Bryan Rust (CHI)
Power Play
Chicago Black Hawks - 1 on 6 Attempt(s) - 16.67%
Arizona Coyotes - 1 on 2 Attempt(s) - 50.00%
Penalty Kill
Chicago Black Hawks - 1 on 2 Attempt(s) - 50.00%
- Score 1 goal in Penalty Kill
Arizona Coyotes - 5 on 6 Attempt(s) - 83.33%
- Score 0 goal in Penalty Kill
Team Stat
Chicago Black Hawks - Hits : 18 - Faceoff Wins : 30 - Blocked Shots : 10 - Penalty Minutes : 4
Arizona Coyotes - Hits : 14 - Faceoff Wins : 36 - Blocked Shots : 13 - Penalty Minutes : 12
Official
Referees : Ghislain Hebert and Dennis LaRue
Linesman : Scott Cherrey and Tim Nowak
Game Notes
Mathew Dumba is injured at 19:20 of 2nd period (Lower Body)
Finance
Level 1 -- Attendance: 5543 (92.38%) -- Ticket Income $526,585
Level 2 -- Attendance: 5000 (100.00%) -- Ticket Income $285,000
Level 3 -- Attendance: 2694 (89.80%) -- Ticket Income $83,514
Level 4 -- Attendance: 4631 (92.62%) -- Ticket Income $97,251
Luxury Box -- Attendance: 1000 (100.00%) -- Ticket Income $194,000
Game was played at the Gila River Arena.
Total Attendance: 18868 (94.34%)
Total Ticket Income: $1,186,350
Other Income: $415,222
Total Income: $1,601,572
Chicago Black Hawks
5 vs 5 Forward
Center Left Wing Right Wing Time % Phy DF OF
1 Steven Stamkos Matt Duchene Matthew Tkachuk 40 0 1 4
2 Bo Horvat Travis Konecny Chris Kreider 30 1 1 3
3 Phillip Danault Nikolaj Ehlers Vladimir Tarasenko 20 0 2 3
4 Pius Suter Bryan Rust Lawson Crouse 10 0 3 2
5 vs 5 Defense
Defense Defense Time % Phy DF OF
1 Brent Burns Mikhail Sergachev 40 0 3 2
2 Seth Jones Devon Toews 30 0 3 2
3 Rasmus Andersson Nicolas Hague 20 0 4 1
4 Devon Toews Rasmus Andersson 10 0 2 3
PowerPlay Forward
Center Left Wing Right Wing Time % Phy DF OF
1 Steven Stamkos Vladimir Tarasenko Matt Duchene 60 0 0 5
2 Bo Horvat Matthew Tkachuk Chris Kreider 40 0 0 5
PowerPlay Defense
Defense Defense Time % Phy DF OF
1 Brent Burns Seth Jones 60 0 0 5
2 Devon Toews Mikhail Sergachev 40 0 0 5
Penalty Kill 4 Players Forward
Center Wing Time % Phy DF OF
1 Pius Suter Lawson Crouse 60 0 5 0
2 Phillip Danault Chris Kreider 40 0 5 0
Penalty Kill 4 Players Defense
Defense Defense Time % Phy DF OF
1 Devon Toews Seth Jones 60 0 5 0
2 Brent Burns Mikhail Sergachev 40 0 5 0
Penalty Kill - 3 Players Forward
Forward Time % Phy DF OF
1 Pius Suter 60 0 5 0
2 Phillip Danault 40 0 5 0
Penalty Kill - 3 Players Defense
Defense Defense Time % Phy DF OF
1 Seth Jones Mikhail Sergachev 60 0 5 0
2 Devon Toews Nicolas Hague 40 0 5 0
4 vs 4 Forward
Center Wing Time % Phy DF OF
1 Phillip Danault Nikolaj Ehlers 60 0 2 3
2 Bo Horvat Bryan Rust 40 0 2 3
4 vs 4 Defense
Defense Defense Time % Phy DF OF
1 Nicolas Hague Seth Jones 60 0 4 1
2 Devon Toews Brent Burns 40 0 2 3
Last Minutes Offensive
Center Left Wing Right Wing Defense Defense
Steven Stamkos Vladimir Tarasenko Matthew Tkachuk Brent Burns Devon Toews
Last Minutes Defensive
Center Left Wing Right Wing Defense Defense
Pius Suter Lawson Crouse Phillip Danault Seth Jones Brent Burns
Goaltenders
Starting : Jordan Binnington
Backup : Ilya Sorokin
Extra Forwards
Normal : Lawson Crouse, Vladimir Tarasenko, Phillip Danault - PP : Bo Horvat, Nikolaj Ehlers - PK : Bo Horvat
Extra Defensemen
Normal : Seth Jones, Nicolas Hague, Devon Toews - PP : Seth Jones - PK : Nicolas Hague, Devon Toews
Penalty Shots
Phillip Danault, Matt Duchene, Devon Toews, Bo Horvat, Pius Suter
Arizona Coyotes
5 vs 5 Forward
Center Left Wing Right Wing Time % Phy DF OF
1 David Krejci Mats Zuccarello Claude Giroux 30 1 2 2
2 Tyler Seguin Ondrej Palat Rocco Grimaldi 30 1 2 2
3 Erik Haula James van Riemsdyk Ilya Mikheyev 25 1 2 2
4 Ross Colton Brandon Tanev Reilly Walsh 15 1 2 2
5 vs 5 Defense
Defense Defense Time % Phy DF OF
1 Mathew Dumba Jared Spurgeon 30 1 2 2
2 Brayden McNabb Dmitry Orlov 30 1 2 2
3 Radko Gudas Jani Hakanpaa 25 1 2 2
4 Mathew Dumba Jared Spurgeon 15 1 2 2
PowerPlay Forward
Center Left Wing Right Wing Time % Phy DF OF
1 Claude Giroux Mats Zuccarello Ilya Mikheyev 50 1 1 3
2 David Krejci Ondrej Palat Tyler Seguin 50 1 1 3
PowerPlay Defense
Defense Defense Time % Phy DF OF
1 Mathew Dumba Jared Spurgeon 50 1 2 2
2 Brayden McNabb Dmitry Orlov 50 1 2 2
Penalty Kill 4 Players Forward
Center Wing Time % Phy DF OF
1 Claude Giroux Mats Zuccarello 50 1 2 2
2 Ilya Mikheyev David Krejci 50 1 2 2
Penalty Kill 4 Players Defense
Defense Defense Time % Phy DF OF
1 Mathew Dumba Jared Spurgeon 50 1 2 2
2 Jani Hakanpaa Radko Gudas 50 1 2 2
Penalty Kill - 3 Players Forward
Forward Time % Phy DF OF
1 Claude Giroux 50 1 2 2
2 Mats Zuccarello 50 1 2 2
Penalty Kill - 3 Players Defense
Defense Defense Time % Phy DF OF
1 Radko Gudas Jani Hakanpaa 50 1 2 2
2 Brayden McNabb Dmitry Orlov 50 1 2 2
4 vs 4 Forward
Center Wing Time % Phy DF OF
1 Claude Giroux Mats Zuccarello 50 1 2 2
2 Ilya Mikheyev David Krejci 50 1 2 2
4 vs 4 Defense
Defense Defense Time % Phy DF OF
1 Mathew Dumba Jared Spurgeon 50 1 2 2
2 Brayden McNabb Dmitry Orlov 50 1 2 2
Last Minutes Offensive
Center Left Wing Right Wing Defense Defense
Claude Giroux Mats Zuccarello Ilya Mikheyev Mathew Dumba Jared Spurgeon
Last Minutes Defensive
Center Left Wing Right Wing Defense Defense
Claude Giroux Mats Zuccarello Ilya Mikheyev Mathew Dumba Jared Spurgeon
Goaltenders
Starting : Kaapo Kahkonen
Backup : Elvis Merzlikins
Extra Forwards
Normal : James van Riemsdyk, Erik Haula, Mats Zuccarello - PP : James van Riemsdyk, Erik Haula - PK : Claude Giroux
Extra Defensemen
Normal : Radko Gudas, Jani Hakanpaa, Brayden McNabb - PP : Radko Gudas - PK : Jani Hakanpaa, Brayden McNabb
Penalty Shots
Claude Giroux, Mats Zuccarello, Ilya Mikheyev, David Krejci, Tyler Seguin
% Time on Ice - Chicago Black Hawks
Lines # - Real PCT - Wanted PCT - Time Play
Normal Forward
1 - 33% - 40% - 15:17
2 - 27% - 30% - 12:44
3 - 25% - 20% - 11:34
4 - 16% - 10% - 7:16
Normal Defense
1 - 42% - 40% - 19:41
2 - 31% - 30% - 14:19
3 - 24% - 20% - 11:18
4 - 3% - 10% - 1:33
PP Forward
1 - 54% - 60% - 5:54
2 - 46% - 40% - 5:03
PP Defense
1 - 50% - 60% - 5:30
2 - 50% - 40% - 5:27
PK Forward
1 - 92% - 60% - 1:48
2 - 8% - 40% - 0:09
PK Defense
1 - 72% - 60% - 1:24
2 - 28% - 40% - 0:33
PK3 Forward
1 - 0% - 60%
2 - 0% - 40%
PK3 Defense
1 - 0% - 60%
2 - 0% - 40%
44 Forward
1 - 100% - 60% - 0:15
2 - 0% - 40% - 0:00
44 Defense
1 - 100% - 60% - 0:15
2 - 0% - 40% - 0:00
Last Minute Offensive - 0:00
Last Minute Defensive - 0:00
Total
Forward - 60:00
Defense - 60:00
|
% Time on Ice - Arizona Coyotes
Lines # - Real PCT - Wanted PCT - Time Play
Normal Forward
1 - 29% - 30% - 13:47
2 - 31% - 30% - 14:20
3 - 25% - 25% - 11:29
4 - 15% - 15% - 7:15
Normal Defense
1 - 31% - 30% - 14:36
2 - 33% - 30% - 15:39
3 - 24% - 25% - 11:09
4 - 12% - 15% - 5:27
PP Forward
1 - 68% - 50% - 1:20
2 - 32% - 50% - 0:37
PP Defense
1 - 56% - 50% - 1:06
2 - 44% - 50% - 0:51
PK Forward
1 - 49% - 50% - 5:20
2 - 51% - 50% - 5:37
PK Defense
1 - 52% - 50% - 5:40
2 - 48% - 50% - 5:17
PK3 Forward
1 - 0% - 50%
2 - 0% - 50%
PK3 Defense
1 - 0% - 50%
2 - 0% - 50%
44 Forward
1 - 13% - 50% - 0:02
2 - 87% - 50% - 0:13
44 Defense
1 - 0% - 50% - 0:00
2 - 100% - 50% - 0:15
Last Minute Offensive - 0:00
Last Minute Defensive - 0:00
Total
Forward - 60:00
Defense - 60:00
|
Play-by-Play
1st period
0:01 of 1st period - Steven Stamkos wins face-off versus David Krejci in neutral zone.
0:16 of 1st period - Snap shot by Steven Stamkos.
0:16 of 1st period - Stopped by Kaapo Kahkonen with a rebound.
0:27 of 1st period - Off-side.
0:28 of 1st period - Bo Horvat wins face-off versus Tyler Seguin in neutral zone.
1:33 of 1st period - Steven Stamkos is hit by Radko Gudas and loses puck.
3:02 of 1st period - Snap shot by Steven Stamkos.
3:02 of 1st period - Stopped by Kaapo Kahkonen with a rebound.
3:30 of 1st period - Wrist shot by Tyler Seguin.
3:30 of 1st period - Stopped by Jordan Binnington with a rebound.
3:48 of 1st period - Slapshot by Brandon Tanev.
3:48 of 1st period - Shot Blocked by Nicolas Hague.
4:15 of 1st period - Snap shot by Ilya Mikheyev.
4:15 of 1st period - Shot Misses the Net.
4:35 of 1st period - Wrist shot by Claude Giroux.
4:35 of 1st period - Stopped by Jordan Binnington with a rebound.
4:37 of 1st period - Slapshot by Jani Hakanpaa.
4:37 of 1st period - Shot Misses the Net.
5:01 of 1st period - Wrist shot by Travis Konecny.
5:01 of 1st period - Shot Blocked by Jani Hakanpaa.
5:15 of 1st period - Wrist shot by Nikolaj Ehlers.
5:15 of 1st period - Stopped by Kaapo Kahkonen with a rebound.
5:17 of 1st period - Slapshot by Phillip Danault.
5:17 of 1st period - Stopped by Kaapo Kahkonen without a rebound.
5:18 of 1st period - Erik Haula wins face-off versus Steven Stamkos in Arizona Coyotes zone.
5:34 of 1st period - Slapshot by Matt Duchene.
5:34 of 1st period - Stopped by Kaapo Kahkonen without a rebound.
5:35 of 1st period - David Krejci wins face-off versus Chris Kreider in Arizona Coyotes zone.
5:39 of 1st period - Off-side.
5:40 of 1st period - David Krejci wins face-off versus Bo Horvat in neutral zone.
5:55 of 1st period - Wrist shot by Mats Zuccarello.
5:55 of 1st period - Stopped by Jordan Binnington with a rebound.
5:57 of 1st period - Slapshot by Mathew Dumba.
5:57 of 1st period - Deflect By Seth Jones.
5:57 of 1st period - Stopped by Jordan Binnington with a rebound.
6:25 of 1st period - Wrist shot by Travis Konecny.
6:25 of 1st period - Goal by Travis Konecny - Chicago Black Hawks : 1 - Arizona Coyotes : 0.
6:26 of 1st period - Steven Stamkos wins face-off versus Tyler Seguin in neutral zone.
6:35 of 1st period - Slapshot by Matthew Tkachuk.
6:35 of 1st period - Stopped by Kaapo Kahkonen with a rebound.
6:39 of 1st period - Snap shot by Matt Duchene.
6:39 of 1st period - Stopped by Kaapo Kahkonen with a rebound.
6:41 of 1st period - Slapshot by Nicolas Hague.
6:41 of 1st period - Shot Misses the Net.
6:43 of 1st period - Snap shot by Nicolas Hague.
6:43 of 1st period - Stopped by Kaapo Kahkonen without a rebound.
6:44 of 1st period - Phillip Danault wins face-off versus David Krejci in Arizona Coyotes zone.
7:36 of 1st period - Snap shot by Chris Kreider.
7:36 of 1st period - Shot Misses the Net.
8:00 of 1st period - Wrist shot by Lawson Crouse.
8:00 of 1st period - Stopped by Kaapo Kahkonen with a rebound.
9:02 of 1st period - Radko Gudas is hit by Chris Kreider and loses puck.
9:17 of 1st period - Snap shot by David Krejci.
9:17 of 1st period - Stopped by Jordan Binnington with a rebound.
9:23 of 1st period - Jani Hakanpaa is hit by Rasmus Andersson and loses puck.
9:40 of 1st period - Wrist shot by Brandon Tanev.
9:40 of 1st period - Shot Blocked by Rasmus Andersson.
9:58 of 1st period - Snap shot by Steven Stamkos.
9:58 of 1st period - Shot Blocked by Dmitry Orlov.
10:59 of 1st period - Snap shot by Nikolaj Ehlers.
10:59 of 1st period - Stopped by Kaapo Kahkonen without a rebound.
11:00 of 1st period - Steven Stamkos wins face-off versus David Krejci in Arizona Coyotes zone.
11:13 of 1st period - Steven Stamkos is hit by Mats Zuccarello and loses puck.
11:59 of 1st period - Slapshot by Travis Konecny.
11:59 of 1st period - Stopped by Kaapo Kahkonen with a rebound.
12:01 of 1st period - Backhand shot by Nicolas Hague.
12:01 of 1st period - Shot Blocked by Dmitry Orlov.
12:07 of 1st period - Snap shot by Travis Konecny.
12:07 of 1st period - Shot Misses the Net.
12:09 of 1st period - Slapshot by Bo Horvat.
12:09 of 1st period - Stopped by Kaapo Kahkonen without a rebound.
12:10 of 1st period - David Krejci wins face-off versus Steven Stamkos in Arizona Coyotes zone.
12:10 of 1st period - David Krejci is hit by Mikhail Sergachev.
13:04 of 1st period - Off-side.
13:05 of 1st period - Steven Stamkos wins face-off versus Erik Haula in neutral zone.
13:12 of 1st period - Snap shot by Matthew Tkachuk.
13:12 of 1st period - Shot Blocked by Erik Haula.
13:14 of 1st period - Snap shot by Matthew Tkachuk.
13:14 of 1st period - Stopped by Kaapo Kahkonen with a rebound.
13:25 of 1st period - Minor Penalty to Brayden McNabb for Goalie Interference.
13:26 of 1st period - Claude Giroux wins face-off versus Steven Stamkos in Arizona Coyotes zone.
13:36 of 1st period - Slapshot by Vladimir Tarasenko.
13:36 of 1st period - Stopped by Kaapo Kahkonen without a rebound.
13:37 of 1st period - Steven Stamkos wins face-off versus Ilya Mikheyev in Arizona Coyotes zone.
15:25 of 1st period - Penalty to Brayden McNabb is over, Brayden McNabb is back on ice.
15:33 of 1st period - Snap shot by Mats Zuccarello.
15:33 of 1st period - Stopped by Jordan Binnington with a rebound.
15:45 of 1st period - Snap shot by Claude Giroux.
15:45 of 1st period - Stopped by Jordan Binnington with a rebound.
16:09 of 1st period - Lawson Crouse is hit by Jared Spurgeon and loses puck.
17:21 of 1st period - Snap shot by Mats Zuccarello.
17:21 of 1st period - Deflect By Claude Giroux.
17:21 of 1st period - Stopped by Jordan Binnington with a rebound.
17:23 of 1st period - Slapshot by Mathew Dumba.
17:23 of 1st period - Stopped by Jordan Binnington without a rebound.
17:24 of 1st period - Steven Stamkos wins face-off versus Tyler Seguin in Chicago Black Hawks zone.
17:24 of 1st period - Steven Stamkos is hit by Radko Gudas.
17:30 of 1st period - Rocco Grimaldi is hit by Steven Stamkos.
17:58 of 1st period - Snap shot by Travis Konecny.
17:58 of 1st period - Shot Blocked by Brandon Tanev.
18:12 of 1st period - Radko Gudas is hit by Phillip Danault and loses puck.
18:31 of 1st period - Minor Penalty to Erik Haula for High sticking.
18:32 of 1st period - Ilya Mikheyev wins face-off versus Steven Stamkos in Arizona Coyotes zone.
18:32 of 1st period - Ilya Mikheyev is hit by Vladimir Tarasenko.
19:20 of 1st period - Wrist shot by Vladimir Tarasenko.
19:20 of 1st period - Shot Misses the Net.
19:24 of 1st period - Wrist shot by Vladimir Tarasenko.
19:24 of 1st period - Shot Blocked by Jared Spurgeon.
19:48 of 1st period - Snap shot by Matt Duchene.
19:48 of 1st period - Goal by Matt Duchene - Chicago Black Hawks : 2 - Arizona Coyotes : 0.
19:49 of 1st period - Erik Haula wins face-off versus Bo Horvat in neutral zone.
Goals for this period are 2 for Chicago Black Hawks vs 0 for Arizona Coyotes.
Shots for this period are 16 for Chicago Black Hawks vs 9 for Arizona Coyotes.
2nd period
0:01 of 2nd period - Steven Stamkos wins face-off versus Tyler Seguin in neutral zone.
0:03 of 2nd period - Minor Penalty to Matthew Tkachuk for Diving.
0:04 of 2nd period - Claude Giroux wins face-off versus Pius Suter in Chicago Black Hawks zone.
0:04 of 2nd period - Wrist shot by Mats Zuccarello.
0:04 of 2nd period - Shot Hit the Post.
0:06 of 2nd period - Slapshot by Mathew Dumba.
0:06 of 2nd period - Shot Blocked by Seth Jones.
0:08 of 2nd period - Wrist shot by Ilya Mikheyev.
0:08 of 2nd period - Stopped by Jordan Binnington with a rebound.
0:10 of 2nd period - Wrist shot by Mats Zuccarello.
0:10 of 2nd period - Stopped by Jordan Binnington with a rebound.
0:12 of 2nd period - Snap shot by Mats Zuccarello.
0:12 of 2nd period - Shot Hit the Post.
0:14 of 2nd period - Slapshot by Mathew Dumba.
0:14 of 2nd period - Shot Blocked by Seth Jones.
0:16 of 2nd period - Slapshot by Mathew Dumba.
0:16 of 2nd period - Goal by Mathew Dumba - Chicago Black Hawks : 2 - Arizona Coyotes : 1.
0:17 of 2nd period - Tyler Seguin wins face-off versus Steven Stamkos in neutral zone.
0:27 of 2nd period - Off-side.
0:28 of 2nd period - Steven Stamkos wins face-off versus Tyler Seguin in neutral zone.
0:48 of 2nd period - Devon Toews is hit by Ondrej Palat and loses puck.
1:14 of 2nd period - Wrist shot by Matt Duchene.
1:14 of 2nd period - Stopped by Kaapo Kahkonen without a rebound.
1:15 of 2nd period - Erik Haula wins face-off versus Chris Kreider in Arizona Coyotes zone.
1:22 of 2nd period - Wrist shot by James van Riemsdyk.
1:22 of 2nd period - Shot Misses the Net.
1:24 of 2nd period - Slapshot by Mathew Dumba.
1:24 of 2nd period - Stopped by Jordan Binnington with a rebound.
1:40 of 2nd period - Mathew Dumba is hit by Phillip Danault and loses puck.
1:50 of 2nd period - Icing by Brent Burns.
1:51 of 2nd period - David Krejci wins face-off versus Phillip Danault in Chicago Black Hawks zone.
1:54 of 2nd period - Snap shot by David Krejci.
1:54 of 2nd period - Stopped by Jordan Binnington with a rebound.
2:08 of 2nd period - Wrist shot by Nikolaj Ehlers.
2:08 of 2nd period - Shot Misses the Net.
2:11 of 2nd period - Icing by Radko Gudas.
2:12 of 2nd period - Steven Stamkos wins face-off versus David Krejci in Arizona Coyotes zone.
2:23 of 2nd period - Snap shot by David Krejci.
2:23 of 2nd period - Deflect By Mats Zuccarello.
2:23 of 2nd period - Stopped by Jordan Binnington with a rebound.
2:39 of 2nd period - Jani Hakanpaa is hit by Travis Konecny and loses puck.
2:44 of 2nd period - Snap shot by Travis Konecny.
2:44 of 2nd period - Stopped by Kaapo Kahkonen with a rebound.
2:50 of 2nd period - Tyler Seguin is hit by Nicolas Hague and loses puck.
3:29 of 2nd period - Snap shot by Matt Duchene.
3:29 of 2nd period - Shot Misses the Net.
3:43 of 2nd period - Slapshot by Tyler Seguin.
3:43 of 2nd period - Shot Misses the Net.
3:45 of 2nd period - Snap shot by Rocco Grimaldi.
3:45 of 2nd period - Deflect By Tyler Seguin.
3:45 of 2nd period - Shot Blocked by Nicolas Hague.
3:45 of 2nd period - Puck is out of play.
3:46 of 2nd period - Rocco Grimaldi wins face-off versus Bo Horvat in Chicago Black Hawks zone.
3:49 of 2nd period - Wrist shot by Tyler Seguin.
3:49 of 2nd period - Stopped by Jordan Binnington with a rebound.
4:22 of 2nd period - Snap shot by David Krejci.
4:22 of 2nd period - Stopped by Jordan Binnington without a rebound.
4:23 of 2nd period - Steven Stamkos wins face-off versus Erik Haula in Chicago Black Hawks zone.
4:28 of 2nd period - James van Riemsdyk is hit by Matt Duchene and loses puck.
4:37 of 2nd period - Wrist shot by Steven Stamkos.
4:37 of 2nd period - Shot Blocked by James van Riemsdyk.
4:49 of 2nd period - Mathew Dumba is hit by Mikhail Sergachev and loses puck.
5:35 of 2nd period - Snap shot by Erik Haula.
5:35 of 2nd period - Shot Misses the Net.
5:37 of 2nd period - Slapshot by Erik Haula.
5:37 of 2nd period - Shot Misses the Net.
5:39 of 2nd period - Snap shot by James van Riemsdyk.
5:39 of 2nd period - Stopped by Jordan Binnington with a rebound.
5:45 of 2nd period - Snap shot by Ilya Mikheyev.
5:45 of 2nd period - Goal by Ilya Mikheyev - Chicago Black Hawks : 2 - Arizona Coyotes : 2.
5:46 of 2nd period - Steven Stamkos wins face-off versus Tyler Seguin in neutral zone.
5:52 of 2nd period - Off-side.
5:53 of 2nd period - Tyler Seguin wins face-off versus Steven Stamkos in neutral zone.
6:04 of 2nd period - Slapshot by Devon Toews.
6:04 of 2nd period - Deflect By Matthew Tkachuk.
6:04 of 2nd period - Shot Misses the Net.
6:04 of 2nd period - Puck is out of play.
6:05 of 2nd period - Tyler Seguin wins face-off versus Steven Stamkos in Arizona Coyotes zone.
6:14 of 2nd period - Snap shot by Jared Spurgeon.
6:14 of 2nd period - Stopped by Jordan Binnington with a rebound.
6:16 of 2nd period - Snap shot by Rocco Grimaldi.
6:16 of 2nd period - Stopped by Jordan Binnington without a rebound.
6:17 of 2nd period - Steven Stamkos wins face-off versus Tyler Seguin in Chicago Black Hawks zone.
6:21 of 2nd period - Minor Penalty to Radko Gudas for Tripping.
6:22 of 2nd period - Steven Stamkos wins face-off versus Claude Giroux in Arizona Coyotes zone.
6:53 of 2nd period - Snap shot by David Krejci.
6:53 of 2nd period - Stopped by Jordan Binnington with a rebound.
7:29 of 2nd period - Jani Hakanpaa is hit by Chris Kreider.
7:40 of 2nd period - Icing by Brent Burns.
7:41 of 2nd period - Claude Giroux wins face-off versus Steven Stamkos in Chicago Black Hawks zone.
8:21 of 2nd period - Penalty to Radko Gudas is over, Radko Gudas is back on ice.
8:26 of 2nd period - Slapshot by Bryan Rust.
8:26 of 2nd period - Shot Misses the Net.
8:58 of 2nd period - Wrist shot by Ondrej Palat.
8:58 of 2nd period - Stopped by Jordan Binnington with a rebound.
9:00 of 2nd period - Slapshot by Tyler Seguin.
9:00 of 2nd period - Shot Misses the Net.
9:10 of 2nd period - Wrist shot by Erik Haula.
9:10 of 2nd period - Shot Misses the Net.
9:12 of 2nd period - Wrist shot by James van Riemsdyk.
9:12 of 2nd period - Shot Misses the Net.
9:14 of 2nd period - Snap shot by Erik Haula.
9:14 of 2nd period - Shot Misses the Net.
9:16 of 2nd period - Wrist shot by Jared Spurgeon.
9:16 of 2nd period - Shot Blocked by Rasmus Andersson.
10:26 of 2nd period - Wrist shot by Travis Konecny.
10:26 of 2nd period - Shot Misses the Net.
10:28 of 2nd period - Minor Penalty to Dmitry Orlov for Holding.
10:29 of 2nd period - Steven Stamkos wins face-off versus Mats Zuccarello in Arizona Coyotes zone.
10:37 of 2nd period - Icing by Matt Duchene.
10:38 of 2nd period - Claude Giroux wins face-off versus Steven Stamkos in Chicago Black Hawks zone.
10:43 of 2nd period - Steven Stamkos is hit by Jared Spurgeon and loses puck.
11:03 of 2nd period - Off-side.
11:04 of 2nd period - Bo Horvat wins face-off versus Ilya Mikheyev in neutral zone.
11:07 of 2nd period - Jani Hakanpaa is hit by Bo Horvat and loses puck.
11:27 of 2nd period - Mathew Dumba is hit by Matthew Tkachuk and loses puck.
12:17 of 2nd period - Jani Hakanpaa is hit by Mikhail Sergachev.
12:28 of 2nd period - Penalty to Dmitry Orlov is over, Dmitry Orlov is back on ice.
12:28 of 2nd period - Slapshot by Bo Horvat.
12:28 of 2nd period - Stopped by Kaapo Kahkonen with a rebound.
12:30 of 2nd period - Backhand shot by Mikhail Sergachev.
12:30 of 2nd period - Stopped by Kaapo Kahkonen without a rebound.
12:31 of 2nd period - Phillip Danault wins face-off versus Tyler Seguin in Arizona Coyotes zone.
12:40 of 2nd period - Snap shot by Nikolaj Ehlers.
12:40 of 2nd period - Stopped by Kaapo Kahkonen with a rebound.
12:42 of 2nd period - Snap shot by Rasmus Andersson.
12:42 of 2nd period - Shot Blocked by Mathew Dumba.
12:44 of 2nd period - Snap shot by Vladimir Tarasenko.
12:44 of 2nd period - Stopped by Kaapo Kahkonen without a rebound.
12:45 of 2nd period - David Krejci wins face-off versus Phillip Danault in Arizona Coyotes zone.
12:58 of 2nd period - Wrist shot by Nikolaj Ehlers.
12:58 of 2nd period - Stopped by Kaapo Kahkonen without a rebound.
12:59 of 2nd period - Tyler Seguin wins face-off versus Vladimir Tarasenko in Arizona Coyotes zone.
13:55 of 2nd period - Wrist shot by Matt Duchene.
13:55 of 2nd period - Deflect By Steven Stamkos.
13:55 of 2nd period - Shot Blocked by Jared Spurgeon.
13:55 of 2nd period - Puck is out of play.
13:56 of 2nd period - Tyler Seguin wins face-off versus Bo Horvat in Arizona Coyotes zone.
14:02 of 2nd period - Off-side.
14:03 of 2nd period - Bo Horvat wins face-off versus Tyler Seguin in neutral zone.
14:26 of 2nd period - Wrist shot by Chris Kreider.
14:26 of 2nd period - Deflect By Bo Horvat.
14:26 of 2nd period - Goal by Bo Horvat - Chicago Black Hawks : 3 - Arizona Coyotes : 2.
14:27 of 2nd period - David Krejci wins face-off versus Matthew Tkachuk in neutral zone.
14:40 of 2nd period - Snap shot by Claude Giroux.
14:40 of 2nd period - Stopped by Jordan Binnington without a rebound.
14:41 of 2nd period - Tyler Seguin wins face-off versus Steven Stamkos in Chicago Black Hawks zone.
14:44 of 2nd period - Wrist shot by Ondrej Palat.
14:44 of 2nd period - Stopped by Jordan Binnington without a rebound.
14:45 of 2nd period - Tyler Seguin wins face-off versus Steven Stamkos in Chicago Black Hawks zone.
15:12 of 2nd period - Wrist shot by Brent Burns.
15:12 of 2nd period - Shot Blocked by David Krejci.
16:55 of 2nd period - Wrist shot by Chris Kreider.
16:55 of 2nd period - Shot Blocked by Jared Spurgeon.
16:57 of 2nd period - Slapshot by Bo Horvat.
16:57 of 2nd period - Deflect By Travis Konecny.
16:57 of 2nd period - Deflect By Jared Spurgeon.
16:57 of 2nd period - Goal by Travis Konecny - Chicago Black Hawks : 4 - Arizona Coyotes : 2.
16:58 of 2nd period - Steven Stamkos wins face-off versus Mats Zuccarello in neutral zone.
17:49 of 2nd period - Off-side.
17:50 of 2nd period - Ross Colton wins face-off versus Pius Suter in neutral zone.
17:53 of 2nd period - Snap shot by Dmitry Orlov.
17:53 of 2nd period - Deflect By Ross Colton.
17:53 of 2nd period - Stopped by Jordan Binnington with a rebound.
17:55 of 2nd period - Slapshot by Brayden McNabb.
17:55 of 2nd period - Stopped by Jordan Binnington with a rebound.
17:57 of 2nd period - Backhand shot by Reilly Walsh.
17:57 of 2nd period - Stopped by Jordan Binnington without a rebound.
17:58 of 2nd period - David Krejci wins face-off versus Steven Stamkos in Chicago Black Hawks zone.
18:49 of 2nd period - Slapshot by Lawson Crouse.
18:49 of 2nd period - Stopped by Kaapo Kahkonen with a rebound.
18:51 of 2nd period - Snap shot by Bryan Rust.
18:51 of 2nd period - Goal by Bryan Rust - Chicago Black Hawks : 5 - Arizona Coyotes : 2.
18:52 of 2nd period - David Krejci wins face-off versus Steven Stamkos in neutral zone.
19:05 of 2nd period - Slapshot by Matt Duchene.
19:05 of 2nd period - Shot Misses the Net.
19:07 of 2nd period - Snap shot by Seth Jones.
19:07 of 2nd period - Shot Blocked by David Krejci.
19:09 of 2nd period - Slapshot by Seth Jones.
19:09 of 2nd period - Stopped by Kaapo Kahkonen with a rebound.
19:19 of 2nd period - Mathew Dumba is hit by Vladimir Tarasenko and loses puck.
19:20 of 2nd period - Mathew Dumba from Arizona Coyotes is injured at 19:20 of 2nd period (Lower Body).
19:21 of 2nd period - Steven Stamkos wins face-off versus Tyler Seguin in Arizona Coyotes zone.
Goals for this period are 3 for Chicago Black Hawks vs 2 for Arizona Coyotes.
Shots for this period are 12 for Chicago Black Hawks vs 19 for Arizona Coyotes.
3rd period
0:01 of 3rd period - David Krejci wins face-off versus Steven Stamkos in neutral zone.
1:13 of 3rd period - Slapshot by Steven Stamkos.
1:13 of 3rd period - Stopped by Kaapo Kahkonen without a rebound.
1:14 of 3rd period - Steven Stamkos wins face-off versus Tyler Seguin in Arizona Coyotes zone.
1:20 of 3rd period - Minor Penalty to Rocco Grimaldi for Cross-checking.
1:21 of 3rd period - Claude Giroux wins face-off versus Steven Stamkos in Arizona Coyotes zone.
2:10 of 3rd period - Claude Giroux is hit by Vladimir Tarasenko.
3:04 of 3rd period - Minor Penalty to Mikhail Sergachev for Hooking.
3:05 of 3rd period - Ilya Mikheyev wins face-off versus Phillip Danault in Chicago Black Hawks zone.
3:20 of 3rd period - Penalty to Rocco Grimaldi is over, Rocco Grimaldi is back on ice.
3:58 of 3rd period - Slapshot by Claude Giroux.
3:58 of 3rd period - Stopped by Jordan Binnington with a rebound.
4:08 of 3rd period - Backhand shot by Chris Kreider.
4:08 of 3rd period - Shot Hit the Post.
4:10 of 3rd period - Wrist shot by Chris Kreider.
4:10 of 3rd period - Goal by Chris Kreider - Chicago Black Hawks : 6 - Arizona Coyotes : 2.
4:11 of 3rd period - David Krejci wins face-off versus Pius Suter in neutral zone.
4:14 of 3rd period - Seth Jones is hit by David Krejci and loses puck.
4:19 of 3rd period - Slapshot by David Krejci.
4:19 of 3rd period - Shot Misses the Net.
4:21 of 3rd period - Wrist shot by Radko Gudas.
4:21 of 3rd period - Stopped by Jordan Binnington without a rebound.
4:22 of 3rd period - Pius Suter wins face-off versus Ondrej Palat in Chicago Black Hawks zone.
4:31 of 3rd period - Wrist shot by Ondrej Palat.
4:31 of 3rd period - Deflect By David Krejci.
4:31 of 3rd period - Shot Blocked by Seth Jones.
4:31 of 3rd period - Puck is out of play.
4:32 of 3rd period - David Krejci wins face-off versus Pius Suter in Chicago Black Hawks zone.
4:47 of 3rd period - Snap shot by Ondrej Palat.
4:47 of 3rd period - Stopped by Jordan Binnington without a rebound.
4:48 of 3rd period - Claude Giroux wins face-off versus Pius Suter in Chicago Black Hawks zone.
5:03 of 3rd period - Wrist shot by Claude Giroux.
5:03 of 3rd period - Shot Hit the Post.
5:04 of 3rd period - Penalty to Mikhail Sergachev is over, Mikhail Sergachev is back on ice.
5:34 of 3rd period - Seth Jones is hit by Radko Gudas and loses puck.
5:57 of 3rd period - Minor Penalty to Brayden McNabb for Hooking.
5:58 of 3rd period - Steven Stamkos wins face-off versus Claude Giroux in Arizona Coyotes zone.
6:51 of 3rd period - Matt Duchene is hit by Claude Giroux and loses puck.
7:57 of 3rd period - Penalty to Brayden McNabb is over, Brayden McNabb is back on ice.
8:10 of 3rd period - Slapshot by Rasmus Andersson.
8:10 of 3rd period - Stopped by Kaapo Kahkonen with a rebound.
8:12 of 3rd period - Wrist shot by Bryan Rust.
8:12 of 3rd period - Shot Blocked by Jared Spurgeon.
8:16 of 3rd period - Snap shot by Bryan Rust.
8:16 of 3rd period - Goal by Bryan Rust - Chicago Black Hawks : 7 - Arizona Coyotes : 2.
8:17 of 3rd period - Phillip Danault wins face-off versus David Krejci in neutral zone.
9:13 of 3rd period - Wrist shot by Vladimir Tarasenko.
9:13 of 3rd period - Shot Misses the Net.
9:15 of 3rd period - Snap shot by Vladimir Tarasenko.
9:15 of 3rd period - Stopped by Kaapo Kahkonen with a rebound.
9:17 of 3rd period - Wrist shot by Nikolaj Ehlers.
9:17 of 3rd period - Stopped by Kaapo Kahkonen with a rebound.
9:19 of 3rd period - Snap shot by Brent Burns.
9:19 of 3rd period - Stopped by Kaapo Kahkonen without a rebound.
9:20 of 3rd period - Steven Stamkos wins face-off versus David Krejci in Arizona Coyotes zone.
9:47 of 3rd period - Seth Jones is hit by Jani Hakanpaa and loses puck.
10:20 of 3rd period - Wrist shot by Pius Suter.
10:20 of 3rd period - Stopped by Kaapo Kahkonen with a rebound.
10:22 of 3rd period - Slapshot by Devon Toews.
10:22 of 3rd period - Deflect By Pius Suter.
10:22 of 3rd period - Stopped by Kaapo Kahkonen with a rebound.
11:17 of 3rd period - Wrist shot by Nikolaj Ehlers.
11:17 of 3rd period - Stopped by Kaapo Kahkonen with a rebound.
11:19 of 3rd period - Slapshot by Vladimir Tarasenko.
11:19 of 3rd period - Stopped by Kaapo Kahkonen without a rebound.
11:20 of 3rd period - Phillip Danault wins face-off versus Ilya Mikheyev in Arizona Coyotes zone.
11:51 of 3rd period - Rocco Grimaldi is hit by Steven Stamkos and loses puck.
13:09 of 3rd period - Devon Toews is hit by Jani Hakanpaa and loses puck.
14:24 of 3rd period - Vladimir Tarasenko is hit by Ilya Mikheyev and loses puck.
14:59 of 3rd period - Slapshot by Nikolaj Ehlers.
14:59 of 3rd period - Shot Misses the Net.
15:01 of 3rd period - Snap shot by Nikolaj Ehlers.
15:01 of 3rd period - Stopped by Kaapo Kahkonen with a rebound.
15:03 of 3rd period - Backhand shot by Nicolas Hague.
15:03 of 3rd period - Shot Misses the Net.
15:05 of 3rd period - Wrist shot by Nikolaj Ehlers.
15:05 of 3rd period - Stopped by Kaapo Kahkonen without a rebound.
15:06 of 3rd period - Erik Haula wins face-off versus Steven Stamkos in Arizona Coyotes zone.
15:19 of 3rd period - Slapshot by James van Riemsdyk.
15:19 of 3rd period - Shot Misses the Net.
15:21 of 3rd period - Wrist shot by Erik Haula.
15:21 of 3rd period - Goal by Erik Haula - Chicago Black Hawks : 7 - Arizona Coyotes : 3.
15:22 of 3rd period - David Krejci wins face-off versus Steven Stamkos in neutral zone.
15:24 of 3rd period - Off-side.
15:25 of 3rd period - David Krejci wins face-off versus Matt Duchene in neutral zone.
15:34 of 3rd period - Slapshot by David Krejci.
15:34 of 3rd period - Shot Misses the Net.
16:39 of 3rd period - Snap shot by Tyler Seguin.
16:39 of 3rd period - Stopped by Jordan Binnington with a rebound.
16:41 of 3rd period - Wrist shot by Brayden McNabb.
16:41 of 3rd period - Stopped by Jordan Binnington without a rebound.
16:42 of 3rd period - Steven Stamkos wins face-off versus David Krejci in Chicago Black Hawks zone.
16:42 of 3rd period - Steven Stamkos is hit by Mats Zuccarello.
16:50 of 3rd period - Slapshot by Matt Duchene.
16:50 of 3rd period - Shot Misses the Net.
16:55 of 3rd period - Off-side.
16:56 of 3rd period - Erik Haula wins face-off versus Steven Stamkos in neutral zone.
17:01 of 3rd period - Snap shot by Erik Haula.
17:01 of 3rd period - Stopped by Jordan Binnington without a rebound.
17:02 of 3rd period - Erik Haula wins face-off versus Steven Stamkos in Chicago Black Hawks zone.
17:15 of 3rd period - Slapshot by Steven Stamkos.
17:15 of 3rd period - Stopped by Kaapo Kahkonen without a rebound.
17:16 of 3rd period - Steven Stamkos wins face-off versus David Krejci in Arizona Coyotes zone.
17:17 of 3rd period - Wrist shot by Matthew Tkachuk.
17:17 of 3rd period - Stopped by Kaapo Kahkonen with a rebound.
17:21 of 3rd period - Slapshot by Matt Duchene.
17:21 of 3rd period - Stopped by Kaapo Kahkonen with a rebound.
17:23 of 3rd period - Snap shot by Matt Duchene.
17:23 of 3rd period - Shot Misses the Net.
17:25 of 3rd period - Wrist shot by Steven Stamkos.
17:25 of 3rd period - Shot Hit the Post.
17:27 of 3rd period - Snap shot by Matthew Tkachuk.
17:27 of 3rd period - Shot Misses the Net.
17:43 of 3rd period - Chris Kreider is hit by Rocco Grimaldi and loses puck.
18:26 of 3rd period - Slapshot by Ross Colton.
18:26 of 3rd period - Shot Blocked by Devon Toews.
18:28 of 3rd period - Snap shot by Ross Colton.
18:28 of 3rd period - Shot Blocked by Phillip Danault.
18:55 of 3rd period - Wrist shot by Claude Giroux.
18:55 of 3rd period - Shot Misses the Net.
19:32 of 3rd period - Snap shot by Dmitry Orlov.
19:32 of 3rd period - Shot Blocked by Pius Suter.
19:53 of 3rd period - Off-side.
19:54 of 3rd period - Steven Stamkos wins face-off versus Ross Colton in neutral zone.
Goals for this period are 2 for Chicago Black Hawks vs 1 for Arizona Coyotes.
Shots for this period are 16 for Chicago Black Hawks vs 7 for Arizona Coyotes.
Back to the Top